 Dungeon Crawl Stone Soup version 0.25.1-2-g60ff931df9 (webtiles) character file.

Game seed: 9432324692978128481

1613 hawla the Chopper (level 8, -3/70 HPs)
             Began as a Hill Orc Monk on Oct 15, 2020.
             Was a Believer of Beogh.
             Slain by a cyan ugly thing (16 damage)
             ... on level 7 of the Dungeon on Oct 16, 2020.
             The game lasted 00:17:41 (8725 turns).

hawla the Chopper (Hill Orc Monk)                   Turns: 8725, Time: 00:17:41

Health: -3/70      AC:  9    Str: 13 (14) XL:     8   Next: 95%
Magic:  8/8        EV: 12    Int: 10 (11) God:    Beogh [**....]
Gold:   441        SH:  0    Dex: 12 (14) Spells: 7/7 levels left

rFire    . . .     SeeInvis .   k - staff of cold
rCold    + . .     Gourm    .   (no shield)
rNeg     . . .     Faith    .   i - +1 acid dragon scales
rPois    .         Spirit   .   (no helmet)
rElec    .         Reflect  .   n - scarf {harm}
rCorr    +         Harm     +   (no gloves)
MR       .....                  h - +0 pair of boots
Stlth    +.........             (no amulet)
HPRegen  0.21/turn              b - ring of resist corrosion (curse)
MPRegen  0.11/turn              (no ring)

@: no status effects
A: no striking features
a: Smiting, Renounce Religion


You were on level 7 of the Dungeon.
You worshipped Beogh.
Beogh was pleased with you.
You were not hungry.

You visited 2 branches of the dungeon, and saw 8 of its levels.

You collected 441 gold pieces.

Inventory:

Hand Weapons
 a - a +0 hand axe
 j - a +4 quarterstaff of chaos
Armour
 h - a +0 pair of boots (worn)
 i - +1 acid dragon scales (worn)
 n - a scarf of harm (worn)
Magical Staves
 k - an uncursed staff of cold (weapon)
Jewellery
 b - a cursed ring of resist corrosion (left hand)
Scrolls
 d - 3 scrolls of identify
 g - 2 scrolls of magic mapping
 m - 3 scrolls of teleportation
 q - 2 scrolls of amnesia
 u - a scroll of holy word {unknown}
 w - a scroll of enchant armour
Potions
 e - a potion of stabbing
 l - a potion of might
 o - a potion of cancellation
Comestibles
 c - 12 rations


   Skills:
 + Level 6.1 Fighting
 + Level 7.1 Axes
 + Level 5.4 Staves
 + Level 6.0 Armour
 + Level 3.7 Dodging
 - Level 1.5 Stealth


You had 7 spell levels left.
You didn't know any spells.
Your spell library contained the following spells:

 Spells                   Type           Power        Failure   Level  Hunger
 Animate Skeleton         Necr           N/A          47%         1    ##.....
 Apportation              Tloc           #.....       47%         1    ##.....
 Corona                   Hex            #......      47%         1    ##.....
 Summon Small Mammal      Summ           #...         47%         1    ##.....


Dungeon Overview and Level Annotations

Branches:
Dungeon (7/15)             Temple (1/1) D:4

Altars:
Cheibriados
Dithmenos
Elyvilon
Gozag
Makhleb
Okawaru
Ru
Vehumet
Wu Jian
Xom


Message History

You completely miss the cyan ugly thing.
The centaur wields a +0 shortbow.
The centaur shoots an arrow.
The arrow completely misses you. The sky beast misses you.
k - an uncursed staff of cold (weapon)
The centaur shoots an arrow.
The arrow hits you but does no damage. The cyan ugly thing kicks you!
The cyan ugly thing shocks you!
The sky beast flickers out of sight!
Deactivating autopickup; reactivate with Ctrl-A.
Something hits you but does no damage.
The centaur shoots an arrow.
The arrow barely misses you.
A sky beast appears from thin air!
Reactivating autopickup.
You hit the cyan ugly thing but do no damage.
You hit the cyan ugly thing but do no damage.
The cyan ugly thing misses you.
You hit the cyan ugly thing but do no damage.
The cyan ugly thing kicks you!
* * * LOW HITPOINT WARNING * * *
The cyan ugly thing shocks you!
You die...

##...........#
#...........#######
##....#.....#.....#
###........#.....
###......+...
###....#.#
###....##..#
[#.#.#5###......#
......Yu@(##....#
.#.#.#c###...##+#
## ....... .......
....... .......
#######


You could see a cyan ugly thing, a sky beast, a centaur and a shadow imp.

Vanquished Creatures
  Maggie (D:7)
  A phantom (D:4)
  A necrophage (D:5)
  3 centaurs
  A bullfrog (D:6)
  A wyvern skeleton (D:6)
  3 scorpions
  2 howler monkeys
  A crimson imp (D:5)
  A jelly (D:6)
  Crazy Yiuf (D:3)
  Terence (D:3)
  2 iguanas (D:5)
  5 worker ants
  2 hound skeletons
  2 worker ant zombies
  8 adders
  4 gnolls (D:5)
  2 oozes
  An adder skeleton (D:5)
  2 worms
  3 dart slugs
  7 leopard geckos
  3 orcs
  9 bats
  6 giant cockroaches
  9 goblins
  12 hobgoblins
  12 jackals
  2 quokkas
  6 frilled lizards
  8 kobolds
  A leopard gecko zombie (D:5)
  A quokka skeleton (D:6)
  10 rats
134 creatures vanquished.

Vanquished Creatures (others)
  An orc (D:6)
1 creature vanquished.

Grand Total: 135 creatures vanquished

Notes
Turn   | Place    | Note
-------+----------+-------------------------------------------
     0 | D:1      | hawla the Hill Orc Monk began the quest for the Orb.
     0 | D:1      | Reached XP level 1. HP: 19/19 MP: 1/1
   197 | D:1      | Reached XP level 2. HP: 27/27 MP: 2/2
   265 | D:1      | Reached XP level 3. HP: 23/33 MP: 3/3
  1256 | D:2      | Reached skill level 5 in Axes
  1400 | D:2      | Found a sacrificial altar of Ru.
  1402 | D:2      | Found a white marble altar of Elyvilon.
  1402 | D:2      | Found an ornate altar of the Wu Jian Council.
  1403 | D:2      | Found an iron altar of Okawaru.
  1403 | D:2      | Found an opulent altar of Gozag.
  1403 | D:2      | Found a shadowy altar of Dithmenos.
  1509 | D:2      | Reached XP level 4. HP: 40/40 MP: 4/4
  2601 | D:3      | Noticed Terence
  2618 | D:3      | Killed Terence
  2618 | D:3      | Reached skill level 1 in Armour
  3130 | D:3      | Reached XP level 5. HP: 41/47 MP: 5/5
  3390 | D:3      | Found a runed translucent door.
  3391 | D:3      | Noticed Crazy Yiuf
  3487 | D:3      | Killed Crazy Yiuf
  3487 | D:3      | Reached skill level 6 in Axes
  3864 | D:4      | Found a staircase to the Ecumenical Temple.
  3876 | Temple   | Entered the Ecumenical Temple
  4012 | D:4      | Reached XP level 6. HP: 36/53 MP: 6/6
  4028 | D:4      | Reached skill level 1 in Staves
  4296 | D:4      | Found a shadowy altar of Dithmenos.
  4298 | D:4      | Found a shimmering altar of Xom.
  4298 | D:4      | Found a burning altar of Makhleb.
  4300 | D:4      | Found a shimmering altar of Xom.
  4300 | D:4      | Found an iron altar of Okawaru.
  4300 | D:4      | Found a snail-covered altar of Cheibriados.
  5000 | D:4      | Noticed a phantom
  5013 | D:4      | Killed a phantom
  5013 | D:4      | Reached XP level 7. HP: 49/60 MP: 7/7
  5304 | D:5      | Entered Level 5 of the Dungeon
  5331 | D:5      | Reached skill level 5 in Fighting
  5868 | D:5      | HP: 3/61 [centaur/cursed -1 shortbow (9)]
  6235 | D:5      | Reached skill level 7 in Axes
  6680 | D:5      | Reached XP level 8. HP: 52/68 MP: 8/8
  7236 | D:6      | Reached skill level 5 in Armour
  8255 | D:7      | Noticed Maggie
  8284 | D:7      | Killed Maggie
  8284 | D:7      | Reached skill level 5 in Staves
  8672 | D:7      | Became a worshipper of Beogh the Brigand
  8672 | D:7      | Reached * piety under Beogh
  8672 | D:7      | Reached ** piety under Beogh
  8712 | D:7      | Noticed a cyan ugly thing
  8725 | D:7      | Slain by a cyan ugly thing

Illustrated notes

Levels and vault maps discovered:
D:1:      sevenhm_arrival_forest_fort_large_2, layout_loops_cross
D:2:      layout_basic, grunt_temple_overflow_open, first_ration
D:3:      layout_loops_ring, ebering_ghost_gozag, uniq_crazy_yiuf_cottage,
          uniq_terence
D:4:      layout_basic, doesnt_xom_only_xom, minmay_temple_entry_ruins,
          gup_sewer_entry_glass, enter_ossuary_3
D:5:      layout_rooms, lightli_corner_chamber
D:6:      layout_basic
D:7:      minmay_the_grid_four_pointed_star
          [minmay_the_grid_triangle_9x9_skeleton,
          minmay_the_grid_triangle_9x9_descending_squares,
          minmay_the_grid_triangle_9x9_odd_lines,
          minmay_the_grid_triangle_9x9_swiss_cheese,
          minmay_the_grid_prize_trominoes], layout_gridville, basic_altar,
          uniq_maggie
Temple:   eino_wide_crystal_templ

Skill      XL: |  1  2  3  4  5  6  7  8 |
---------------+-------------------------+-----
Fighting       | 4 5 6 |  6.1
Axes           | 5 6 7 |  7.1
Armour         | 1 2 3 4 6 |  6.0
Dodging        | 3 |  3.7
Staves         | 2 3 5 |  5.4
Stealth        | |  1.5

Action                   |  1- 3 |  4- 6 |  7- 9 || total
-------------------------+-------+-------+-------++-------
Melee: Hand axe          |   121 |   159 |    74 ||   354
       Quarterstaff      |       |    73 |   132 ||   205
       Staff             |       |       |     3 ||     3
Invok: Convert to Beogh  |       |       |     1 ||     1
  Use: Scroll            |     3 |     3 |     6 ||    12
       Potion            |       |     7 |     8 ||    15
 Stab: Sleeping          |     2 |       |       ||     2
       Distracted        |     1 |       |       ||     1
       Invisible         |       |     2 |       ||     2
       Paralysed         |       |       |     2 ||     2
  Eat: Chunk             |     2 |     7 |     7 ||    16
       Ration            |       |     1 |     2 ||     3
Armor: Robe              |    11 |       |       ||    11
       Leather armour    |    22 |    18 |       ||    40
       Ring mail         |       |    14 |       ||    14
       Scale mail        |       |    22 |    77 ||    99
       Skin              |       |       |    13 ||    13
       Acid dragon scale |       |       |     8 ||     8
Dodge: Dodged            |    84 |   127 |   121 ||   332
